 Dungeon Crawl Stone Soup version 0.18.1-50-g88ac8fd (webtiles) character file.

1283 sleepydude the Shield-Bearer (level 8, -6/64 HPs)
             Began as a Formicid Fighter on Oct 15, 2016.
             Was a Follower of Makhleb.
             Splashed by a jelly's acid (7 damage)
             ... on level 5 of the Dungeon.
             The game lasted 00:20:21 (6064 turns).

sleepydude the Shield-Bearer (Formicid Fighter)     Turns: 6064, Time: 00:20:22

Health: -6/64      AC: -9    Str: 22    XL:     8   Next: 85%
Magic:  8/8        EV:  9    Int:  9    God:    Makhleb [*.....]
Gold:   318        SH: 10    Dex: 10    Spells: 0 memorised, 7 levels left

rFire  . . .     SeeInvis +     B - +1 war axe
rCold  . . .     Gourm    +     b - +0 scale mail
rNeg   . . .     Faith    .     c - +0 shield
rPois  .         Spirit   .     (helmet unavailable)
rElec  .         Dismiss  .     u - +0 cloak
rCorr  .         Reflect  .     k - +0 pair of gloves
SustAt .         Harm     .     (no boots)
MR     .....                    a - amulet of the gourmand
Stlth  ..........               (no ring)
                                (no ring)

@: corroded, not resistant to hostile enchantments, extremely unstealthy
A: permanent stasis, dig shafts and tunnels, four strong arms, antennae 3
a: Dig, Shaft Self, Renounce Religion


You were on level 5 of the Dungeon.
You worshipped Makhleb.
Makhleb was aware of your devotion.
You were not hungry.

You visited 2 branches of the dungeon, and saw 6 of its levels.

You collected 318 gold pieces.

Inventory:

Hand Weapons
 B - a +1 war axe (weapon)
Armour
 b - a +0 scale mail (worn)
 c - a +0 shield (worn)
 k - a +0 pair of gloves (worn)
 u - a +0 cloak (worn)
Jewellery
 a - an amulet of the gourmand (around neck)
Wands
 g - a wand of hasting (5/9)
 s - a wand of digging (23/24)
Scrolls
 e - a scroll of magic mapping
 i - a scroll of teleportation
Potions
 h - a potion of curing {unknown}
 o - a potion of lignification {unknown}
 r - a potion of magic {unknown}
 t - a potion of haste {unknown}
 v - a potion of invisibility {unknown}
 A - 2 potions of degeneration {unknown}
Books
 q - a book of Party Tricks

   Spells                             Type                      Level
   a - Summon Butterflies             Summoning                    1
   b - Apportation                    Translocation                1
   c - Tukima's Dance                 Hexes                        3
   d - Alistair's Intoxication        Transmutation/Poison         5
   e - Invisibility                   Hexes                        6
Comestibles
 d - a slice of pizza
 f - 2 bread rations
 j - 2 meat rations
 p - 3 royal jellies


   Skills:
 + Level 6.1 Fighting
 * Level 5.7 Axes
 + Level 6.4 Armour
 + Level 7.0 Shields


You had 7 spell levels left.
You didn't know any spells.

Dungeon Overview and Level Annotations

Branches:
Dungeon (5/15)             Temple (1/1) D:4

Altars:
Ashenzari
Cheibriados
Dithmenos
Elyvilon
Fedhas
Gozag
Kikubaaqudgha
Makhleb
Nemelex Xobeh
Okawaru
Pakellas
Qazlal
Ru
Sif Muna
Trog
Vehumet
Xom
Yredelemnul
Zin
The Shining One

Annotations:
D:5 Spathi's ghost, novice GrIE


Innate Abilities, Weirdness & Mutations

You are under a permanent stasis effect.
You can dig through walls and to a lower floor.
Your four strong arms can wield two-handed weapons with a shield.
You have a pair of large antennae on your head (SInv).


Message History

You are too injured to fight recklessly!
You are too injured to fight recklessly!
You hit the jelly but do no damage. The acid corrodes you!
Your hands burn!
* * * LOW HITPOINT WARNING * * *
The jelly is almost dead.
The jelly hits you.
* * * LOW HITPOINT WARNING * * *
You are splashed with acid!
The acid burns!
* * * LOW HITPOINT WARNING * * *
You hit the jelly.
Your hands burn!
* * * LOW HITPOINT WARNING * * *
The jelly is almost dead.
The jelly barely misses you.
Unknown command.
Your scale mail prevents you from hitting the jelly.
The jelly is almost dead.
The jelly hits you.
* * * LOW HITPOINT WARNING * * *
You are splashed with acid!
The acid burns!
You die...

... .. .. .#
##. . #.. .
##.# .#
##.J##.#
.####..@...#
.........###
.####...##
##>.#####.#
##.......#
#.#######
#+# #.# #.#
#.# #.# #.#


You could see a jelly.

Vanquished Creatures
  Eustachio (D:5)
  Duvessa (D:5)
  A black bear (D:4)
  3 sky beasts
  A centaur (D:5)
  The ghost of grimtooth the Insei, an amateur OpTm of Ashenzari (D:3)
  Dowan (D:5)
  A scorpion (D:5)
  A crimson imp (D:5)
  2 orc priests (D:4)
  4 orc wizards (D:4)
  4 gnolls
  2 adders
  A shadow imp (D:5)
  3 worms
  5 dart slugs
  6 giant geckos
  24 orcs
  14 bats
  2 giant cockroaches (D:1)
  7 goblins
  8 hobgoblins
  7 jackals
  A ball python (D:1)
  8 giant newts
  9 kobolds
  11 rats
129 creatures vanquished.

Notes
Turn   | Place    | Note
--------------------------------------------------------------
     0 | D:1      | sleepydude the Formicid Fighter began the quest for the Orb.
     0 | D:1      | Reached XP level 1. HP: 18/18 MP: 1/1
   195 | D:1      | Reached XP level 2. HP: 24/24 MP: 2/2
   401 | D:1      | Reached XP level 3. HP: 29/29 MP: 3/3
  1124 | D:2      | Reached skill level 4 in Shields
  1156 | D:2      | Reached XP level 4. HP: 34/35 MP: 4/4
  1626 | D:3      | Noticed grimtooth's ghost (amateur OpTm)
  1975 | D:2      | Reached XP level 5. HP: 24/42 MP: 5/5
  2447 | D:3      | Killed grimtooth's ghost
  2451 | D:3      | Reached XP level 6. HP: 32/48 MP: 6/6
  2971 | D:3      | Reached skill level 5 in Shields
  2976 | D:3      | Noticed a sky beast
  3002 | D:3      | Killed a sky beast
  3002 | D:3      | Reached skill level 5 in Armour
  3242 | D:3      | Found a snail-covered altar of Cheibriados.
  3242 | D:3      | Found a glowing silver altar of Zin.
  3243 | D:3      | Found a shimmering altar of Xom.
  3446 | D:3      | Found a basalt altar of Yredelemnul.
  3964 | D:4      | Reached XP level 7. HP: 46/55 MP: 7/7
  4038 | D:4      | Found a staircase to the Ecumenical Temple.
  4076 | Temple   | Entered the Ecumenical Temple
  4246 | Temple   | Became a worshipper of Makhleb the Destroyer
  4423 | D:4      | Reached skill level 5 in Fighting
  4884 | D:5      | Entered Level 5 of the Dungeon
  4925 | D:5      | Noticed Spathi's ghost (novice GrIE)
  5253 | D:5      | Reached skill level 6 in Shields
  5278 | D:5      | Noticed Dowan
  5279 | D:5      | Noticed Duvessa
  5306 | D:5      | Killed Duvessa
  5306 | D:5      | Reached XP level 8. HP: 49/63 MP: 8/8
  5323 | D:5      | Killed Dowan
  5679 | D:5      | Reached * piety under Makhleb
  5693 | D:5      | Reached skill level 5 in Axes
  5861 | D:5      | Noticed Eustachio
  5922 | D:5      | Killed Eustachio
  6024 | D:5      | Reached skill level 7 in Shields
  6064 | D:5      | HP: 1/64 [jelly (3)]
  6064 | D:5      | Splashed by a jelly's acid

Skill      XL: |  1  2  3  4  5  6  7  8 |
---------------+-------------------------+-----
Armour         | 4 5 6 |  6.4
Shields        | 4 5 6 7 |  7.0
Axes           | 3 4 5 |  5.7
Fighting       | 4 5 6 |  6.1

Action                   |  1- 3 |  4- 6 |  7- 9 || total
-------------------------+-------+-------+-------++-------
Melee: War axe           |   126 |   227 |   225 ||   578
 Abil: Dig               |     1 |       |       ||     1
  Use: Potion            |       |     1 |     4 ||     5
       Scroll            |       |       |     8 ||     8
  Eat: Chunk             |     1 |     9 |     7 ||    17
       Royal jelly       |       |       |     1 ||     1
Armor: Scale mail        |    47 |   100 |    85 ||   232
Dodge: Dodged            |    43 |    81 |    74 ||   198
Block: Shield            |    68 |   125 |   115 ||   308
